 Dungeon Crawl Stone Soup version 0.29-a0-1027-gcd8c55af63 (webtiles) character file.

Game seed: 16552401596058363344

76 27heaven the Ruffian (level 4, -4/44 HPs)
             Began as an Ogre Transmuter on Aug 12, 2022.
             Slain by Terence
             ... wielding a +1 hand axe of flaming
              (8 damage)
             ... on level 2 of the Dungeon.
             The game lasted 00:03:44 (1959 turns).

27heaven the Ruffian (Ogre Transmuter)              Turns: 1959, Time: 00:03:44

Health: -4/44      AC:  3    Str: 16    XL:     4   Next: 32%
Magic:  6/8        EV:  9    Int: 14    God:
Gold:   49         SH:  0    Dex:  9    Spells: 3/9 levels left

rFire   . . .      SeeInvis .     - Unarmed
rCold   . . .      Faith    .   (no shield)
rNeg    . . .      Spirit   .   a - +0 robe
rPois   .          Reflect  .   (helmet currently unavailable)
rElec   .          Harm     .   (no cloak)
rCorr   .          Rampage  .   (gloves unavailable)
Will    .....                   (boots unavailable)
Stlth   +.........              (no amulet)
HPRegen 0.14/turn               (no ring)
MPRegen 0.11/turn               (no ring)

@: appendages, wereblooded
A: horns 2, talons 2, large, unfitting armour, tough skin 1
a: End Transformation


You were on level 2 of the Dungeon.
You had temporarily grown beastly horns and talons.
You visited 1 branch of the dungeon, and saw 2 of its levels.

You collected 49 gold pieces.

Inventory:

Armour
 a - a +0 robe (worn)
Jewellery
 g - a ring of positive energy
 m - a +6 ring of dexterity
Scrolls
 d - 2 scrolls of teleportation {unknown}
 e - 2 scrolls of enchant weapon {unknown}
 f - a scroll of enchant armour {unknown}
 i - a scroll of blinking {unknown}
 j - a scroll of identify {unknown}
 k - a scroll of magic mapping {unknown}
 l - a scroll of torment {unknown}
 n - a scroll of fear {unknown}
Potions
 b - 2 potions of lignification
 c - a potion of cancellation {unknown}
 h - 2 potions of attraction {unknown}
 o - a potion of curing {unknown}


   Skills:
 + Level 2.7 Fighting
 - Level 1.7 Dodging
 + Level 3.1 Unarmed Combat
 + Level 3.1 Spellcasting
 + Level 2.5 Transmutations
 + Level 0.7 Air Magic


You had 3 spell levels left.
You knew the following spells:

 Your Spells              Type           Power      Damage    Failure   Level
a - Beastly Appendage     Tmut           18%        N/A       8%          1
b - Wereblood             Tmut           9%         N/A       11%         2
c - Swiftness             Air            4%         N/A       43%         3

Your spell library contained the following spells:

 Spells                   Type           Power      Damage    Failure   Level
 Passwall                 Tmut/Erth      4%         N/A       19%         2
 Ensorcelled Hibernation  Hex/Ice        4%         N/A       32%         2
 Spider Form              Tmut/Pois      5%         N/A       36%         3
 Ice Form                 Ice/Tmut       5%         N/A       77%         4


Dungeon Overview and Level Annotations

Branches:
Dungeon (2/15)

Altars:
Vehumet

Annotations:
D:2 Terence


Innate Abilities, Weirdness & Mutations

You have temporarily grown beastly horns and talons.
You are too large for most types of armour.
You have tough skin. (AC +1)


Message History

You grow a pair of large bovine horns.
Your feet morph into talons.
Casting: Beastly Appendage (safe; 8% risk of failure)
Confirm with . or Enter, or press ? or * to list all spells.
Your blood is infused with primal strength.
Terence closely misses you.
You barely miss Terence. You claw Terence, but do no damage.
Terence hits you with a +1 hand axe of flaming.
Terence burns you.
You hit Terence. You headbutt Terence.
Terence is heavily wounded.
Terence zaps a wand.
The puff of flame hits you!
You barely miss Terence. You claw Terence.
Terence is severely wounded.
You hit Terence but do no damage. Your kick misses Terence.
Terence is severely wounded.
Terence hits you with a +1 hand axe of flaming!
Terence burns you.
You hit Terence but do no damage.
Terence is severely wounded.
Terence barely misses you.
You hit Terence but do no damage. You claw Terence.
You headbutt Terence, but do no damage.
Terence is almost dead.
Terence hits you with a +1 hand axe of flaming.
* * * LOW HITPOINT WARNING * * *
Terence burns you.
* * * LOW HITPOINT WARNING * * *
You hit Terence but do no damage.
Terence is almost dead.
Terence barely misses you.
Unknown command.
You barely miss Terence. You headbutt Terence, but do no damage.
Terence is almost dead.
Terence zaps a wand.
The puff of flame hits you!
* * * LOW HITPOINT WARNING * * *
Unknown command.
You hit Terence but do no damage.
Terence is almost dead.
Terence hits you with a +1 hand axe of flaming!
You die...

....#............#
#...#.###.######.#
....#.# #.# #.#
##..#.# #.# #.#
#..#.# #.# #.#
##..#.# #.# #.#
....#.# #.# #.#
#..<..# #.# #.#
#.#.).# #.# #@#
#.#...# #.# #@#
#+#...###'######.#
...............#.#
...............#.#
...............#.#
...............#.#
...............#.#
...............#


You could see Terence.

Vanquished Creatures
  2 adders (D:2)
  A gnoll (D:1)
  2 dart slugs
  9 bats
  6 endoplasms
  A giant cockroach (D:1)
  3 goblins (D:1)
  5 hobgoblins
  3 quokkas
  4 ball pythons (D:1)
  4 kobolds
  3 rats
43 creatures vanquished.

Notes
Turn   | Place    | Note
-------+----------+-------------------------------------------
     0 | D:1      | 27heaven the Ogre Transmuter began the quest for the Orb.
     0 | D:1      | Reached XP level 1. HP: 19/19 MP: 3/3
     0 | D:1      | Found a radiant altar of Vehumet.
    85 | D:1      | Reached XP level 2. HP: 22/28 MP: 3/5
   460 | D:1      | Reached XP level 3. HP: 21/35 MP: 5/7
   728 | D:1      | Learned a level 2 spell: Wereblood
   732 | D:1      | Learned a level 3 spell: Swiftness
  1422 | D:2      | Reached XP level 4. HP: 44/44 MP: 4/8
  1946 | D:2      | Noticed Terence
  1959 | D:2      | Slain by Terence

Illustrated notes

Levels and vault maps discovered:
D:1:      sevenhm_arrival_forest_fort_small_6, layout_loops_ring,
          minmay_octomino_e4
D:2:      layout_basic, uniq_terence

Skill      XL: |  1  2  3 |
---------------+----------+-----
Transmutations | 2 |  2.5
Fighting       | 2 |  2.7
Unarmed Combat | 3 |  3.1
Spellcasting   | 3 |  3.1
Dodging        | |  1.7
Air Magic      | |  0.7

Action                   |  1- 3 |  4- 6 || total
-------------------------+-------+-------++-------
Melee: Unarmed           |    92 |    32 ||   124
       Kick              |    15 |     8 ||    23
       Headbutt          |     6 |     7 ||    13
       Punch             |     4 |       ||     4
 Cast: Beastly Appendage |    17 |     5 ||    22
       Wereblood         |     5 |     4 ||     9
 Stab: Sleeping          |     1 |       ||     1
Armor: Robe              |    51 |    14 ||    65
Dodge: Dodged            |    43 |    19 ||    62

Table legend: (Time is in decaauts)
 A = Elapsed time spent in this place.
 B = Non-inter-level travel time spent in this place.
 C = Inter-level travel time spent in this place.
 D = Time resting spent in this place.
 E = Time spent auto-exploring this place.
 F = Levels seen in this place.
 G = Mean time per level.
                   A        B        C        D        E       F      G
               +--------+--------+--------+--------+--------+-----+--------+
         Total |   1952 |   1919 |     33 |     64 |   1431 |   2 |  976.0 |
       Dungeon |   1952 |   1919 |     33 |     64 |   1431 |   2 |  976.0 |
               +--------+--------+--------+--------+--------+-----+--------+

Top non-repeatable levels by time:
     D:1: 1096 daAuts
     D:2: 856 daAuts
